 Dungeon Crawl Stone Soup version 0.31-a0-1447-g87ca8d402b (webtiles) character file.

Game seed: 12647440381784710350

5218 Laraso the Basher (level 10, -1/92 HPs)
             Began as an Oni Cinder Acolyte on Dec 27, 2023.
             Was an Elder of Ignis.
             Succumbed to a hornet's poison
             ... on level 7 of the Dungeon on Dec 28, 2023.
             The game lasted 00:15:53 (11432 turns).

Laraso the Basher (Oni Cinder Acolyte)             Turns: 11432, Time: 00:15:53

Health: -1/92      AC: 16    Str: 20    XL:     10   Next: 61%
Magic:  6/14       EV:  9    Int: 19    God:    Ignis [****..]
Gold:   232        SH:  0    Dex: 10    Spells: 7/15 levels left

rFire   + . .        a - +0 flail
rCold   . . .        (no shield)
rNeg    . . .        d - +0 steam dragon scales
rPois   .            (helmet restricted)
rElec   .            j - +2 cloak
rCorr   .            (gloves unavailable)
SInv    .            (boots unavailable)
Will    +....        y - amulet of regeneration
Stlth   +            q - +6 ring of dexterity
HPRegen 1.15/turn    (no ring)
MPRegen 0.14/turn

%: no passive effects
@: lethally poisoned (-1 -> -29), fiery-armoured, slowed, very slow
A: large, unfitting armour, horns 1, tough skin 1, double potion healing,
drunken brawling
a: Renounce Religion, Fiery Armour, Foxfire Swarm, Rising Flame


You were on level 7 of the Dungeon.
You worshipped Ignis.
Ignis was greatly pleased with you.
You visited 1 branch of the dungeon, and saw 8 of its levels.
You also visited: Sewer.

You collected 352 gold pieces.
You spent 120 gold pieces at shops.

Inventory:

Hand Weapons
 a - a +0 flail (weapon)
 b - a +0 giant club
Missiles
 z - a throwing net
Armour
 d - +0 steam dragon scales (worn)
 j - a +2 cloak (worn)
Jewellery
 q - a +6 ring of dexterity (left hand)
 y - an amulet of regeneration (around neck)
 B - an amulet of reflection
Wands
 u - a wand of paralysis (4)
 A - a wand of flame (31)
Scrolls
 e - 4 scrolls of blinking
 f - a scroll of silence
 i - 2 scrolls of poison {unknown}
 l - a scroll of fog
 m - 3 scrolls of revelation
 p - a scroll of torment {unknown}
 s - 2 scrolls of teleportation
 v - 4 scrolls of immolation
 x - a scroll of butterflies {unknown}
 C - a scroll of identify
Potions
 c - 3 potions of ambrosia
 g - 2 potions of curing {unknown}
 h - 2 potions of degeneration {unknown}
 k - 3 potions of berserk rage
 n - a potion of lignification {unknown}
 o - 2 potions of haste {unknown}
 r - 3 potions of mutation {unknown}
 t - a potion of brilliance {unknown}
 w - 2 potions of heal wounds {unknown}


   Skills:
 - Level 4.0 Fighting
 * Level 14.8 Maces & Flails
 - Level 3.0 Spellcasting
 - Level 3.0 Translocations
 - Level 3.0 Fire Magic


You had 7 spell levels left.
You knew the following spells:

 Your Spells              Type           Power      Damage    Failure   Level
a - Scorch                Fire           28%        2d6       7%          2
b - Volatile Blastmotes   Fire/Tloc      28%        2d12      13%         3
s - Swiftness             Air            2%         N/A       41%         3

Your spell library contained the following spells:

 Spells                   Type           Power      Damage    Failure   Level
 Freeze                   Ice            8%         1d3       16%         1
 Shock                    Conj/Air       8%         1d3       16%         1
 Static Discharge         Conj/Air       4%         3-4/arc   22%         2
 Frozen Ramparts          Ice            4%         1d1       41%         3
 Hailstorm                Conj/Ice       2%         3d5       41%         3
 Ignite Poison            Fire/Alch      8%         N/A       63%         4
 Vhi's Electric Charge    Tloc/Air       16%        N/A       63%         4
 Airstrike                Air            1%         2d(1-17)  83%         4
 Summon Lightning Spire   Summ/Air       2%         N/A       83%         4
 Alistair's Intoxication  Alch           1%         N/A       99%         5
 Arcjolt                  Conj/Air       1%         1d11      99%         5
 Maxwell's Capacitive Co  Air            1%         ∞         100%        8


Dungeon Overview and Level Annotations

Branches:
Dungeon (8/15)             Temple (0/1) D:6           Sewer (visited)
   Lair: D:8-11

Altars:
Ashenzari
Gozag
Nemelex Xobeh
Qazlal
Ru
Sif Muna
Uskayaw

Shops:
D:3 =   D:5 **   D:7 *

Annotations:
D:3 2 transporters, tgirl's ghost, weakling GnFE
D:8 Jeremiah


Innate Abilities, Weirdness & Mutations

You are too large for most types of armour.
You have a pair of small horns on your head.
You have tough skin. (AC +1)
You gain doubled healing and magic from potions.
Whenever you drink a healing potion, you attack all around you.


Message History

The hornet is moderately wounded.
The gnoll completely misses you. The hornet stings you.
You feel as though you will be slow longer.
The hornet is burned by your cloak of flames.
The hornet is heavily wounded.
Unknown command.
You feel very sick.
The hornet stings you but does no damage.
The hornet is burned by your cloak of flames.
The hornet is heavily wounded.
The gnoll attacks as it pursues you! The gnoll hits you but does no damage.
The hornet stings you!
You are more poisoned.
You feel as though you will be slow longer.
The hornet is burned by your cloak of flames.
The hornet is heavily wounded.
There is a stone staircase leading up, spattered with blood here.
Unknown command.
You feel extremely sick. The hornet stings you!
* * * LOW HITPOINT WARNING * * *
You are more poisoned.
You feel as though you will be slow longer.
The hornet is burned by your cloak of flames.
The hornet is severely wounded.
The gnoll hits you but does no damage.
The gnoll is burned by your cloak of flames.
The gnoll is heavily wounded.
The hornet stings you.
* * * LOW HITPOINT WARNING * * *
You are more poisoned.
You feel as though you will be slow longer.
The hornet is burned by your cloak of flames.
The hornet is severely wounded.
The gnoll hits you with a +0 flail.
* * * LOW HITPOINT WARNING * * *
The gnoll is burned by your cloak of flames.
You kill the gnoll!
You climb upwards.
You die...

.....# #####.#####...........#...
.#.#.# #..........).....###.###.#
..)..# #.###.)#########....## ##.
.#.#.###.# #..# #####.###.#
.........# #..# ##.#.##
##.#.##### #..# ##....
#.#.#######..############# #####
#.............##y........#######
####.###.<......@.....###.<.)....
...............##.###.# #########
.###...........##.# #.# # ##
##.##.......##.# #.# # #
#..........##.# #.# # ##
##.##.......##.# #.# #
.###.###.####..##.# #.# #
#...####^# #..##.# #.# #
....[....# ##..##.# #.#


You could see a hornet.

Vanquished Creatures
  Erica (D:8)
  Maggie (D:7)
  Grinder (D:5)
  A wyvern (D:8)
  Menkaure (D:4)
  A water moccasin (D:6)
  An orc warrior (D:7)
  3 ice beasts (D:6)
  4 black bears
  6 ogres
  3 centaurs
  A crocodile (Sewer)
  A phantom (D:5)
  2 kobold brigands (Sewer)
  A brain worm (Sewer)
  Blork the orc (D:5)
  2 bullfrogs
  5 scorpions
  6 killer bees (D:5)
  A howler monkey (D:7)
  A bombardier beetle (D:3)
  3 orc priests
  4 hounds
  A jelly (D:6)
  2 gnoll boudas
  2 iguanas (D:5)
  A sleepcap (D:5)
  Jessica (D:2)
  Ijyb (D:4)
  9 orc wizards
  15 gnolls
  16 adders
  4 river rats (Sewer)
  2 shadow imps
  3 white imps
  A worm (D:4)
  A dart slug (D:2)
  32 orcs
  7 ball pythons
  3 bats
  7 endoplasms
  3 giant cockroaches
  4 hobgoblins
  10 jackals
  5 quokkas
  9 frilled lizards
  6 goblins
  11 kobolds
  7 rats
214 creatures vanquished.

Notes
Turn   | Place    | Note
-------+----------+-------------------------------------------
     0 | D:1      | Laraso the Oni Cinder Acolyte began the quest for the Orb.
     0 | D:1      | Reached XP level 1. HP: 24/24 MP: 2/2
   417 | D:1      | Reached XP level 2. HP: 31/32 MP: 2/4
   584 | D:1      | Learned a level 2 spell: Scorch
   872 | D:2      | Reached XP level 3. HP: 39/39 MP: 2/5
  1155 | D:2      | Noticed Jessica
  1161 | D:2      | Killed Jessica
  1162 | D:2      | Reached skill level 4 in Maces & Flails
  1162 | D:2      | Reached XP level 4. HP: 48/48 MP: 2/7
  1999 | D:3      | Reached XP level 5. HP: 53/54 MP: 5/9
  2335 | D:3      | Found Hirim's One-of-a-Kind Rings.
  2351 | D:3      | You fall into a shaft and drop 2 floors!
  2351 | D:5      | Entered Level 5 of the Dungeon
  2355 | D:5      | Noticed Blork the orc
  2361 | D:5      | Killed Blork the orc
  2362 | D:5      | Reached skill level 5 in Maces & Flails
  2521 | D:4      | Reached XP level 6. HP: 62/62 MP: 5/10
  2604 | D:3      | Reached skill level 6 in Maces & Flails
  2745 | D:3      | Found a transporter.
  2767 | D:3      | Found a transporter.
  2769 | D:3      | Noticed tgirl's ghost (weakling GnFE)
  3242 | D:4      | Noticed a black bear
  3386 | D:4      | Noticed Menkaure
  3393 | D:3      | Killed a black bear
  3477 | D:4      | Killed Menkaure
  3478 | D:4      | Reached skill level 7 in Maces & Flails
  3478 | D:4      | Reached XP level 7. HP: 37/70 MP: 0/11
  3782 | D:4      | Found an opulent altar of Gozag.
  3965 | D:4      | Reached skill level 8 in Maces & Flails
  4566 | D:5      | Reached XP level 8. HP: 68/78 MP: 5/12
  4571 | D:5      | Reached skill level 9 in Maces & Flails
  4730 | D:5      | Found a broken altar of Ashenzari.
  4925 | D:5      | Reached skill level 10 in Maces & Flails
  5213 | D:5      | Found Yfful's General Store.
  5343 | D:5      | Found Ribaw's Specific Store.
  5358 | D:5      | Bought a scroll of teleportation for 45 gold pieces
  5358 | D:5      | Bought a potion of berserk rage for 75 gold pieces
  5386 | D:5      | Noticed Ijyb
  5388 | D:5      | Noticed Grinder
  5434 | D:5      | Paralysed by Ijyb for 3 turns
  5451 | D:4      | Paralysed by Ijyb for 3 turns
  5457 | D:4      | Killed Ijyb
  5548 | D:5      | Killed Grinder
  5549 | D:5      | Reached skill level 11 in Maces & Flails
  6011 | D:5      | Got Esesunem's Elucidation of Toxic Spooky Action
  6016 | D:5      | Learned a level 3 spell: Volatile Blastmotes
  6162 | D:6      | Found a glowing drain.
  6173 | Sewer    | Entered a sewer
  6245 | Sewer    | Reached skill level 1 in Translocations
  6245 | Sewer    | Reached XP level 9. HP: 84/84 MP: 6/13
  7266 | D:6      | Found a shimmering blue altar of Sif Muna.
  7350 | D:6      | Found a hide-covered altar of Uskayaw.
  7366 | D:6      | Learned a level 3 spell: Swiftness
  7717 | D:6      | Reached skill level 12 in Maces & Flails
  7883 | D:6      | Found a staircase to the Ecumenical Temple.
  9287 | D:6      | Reached skill level 13 in Maces & Flails
  9548 | D:7      | Reached XP level 10. HP: 90/92 MP: 5/14
  9804 | D:7      | Noticed Maggie
 10138 | D:7      | Found a stormy altar of Qazlal.
 10148 | D:7      | Found a sacrificial altar of Ru.
 10169 | D:7      | Killed Maggie
 10274 | D:7      | Found Tenkutaz's Gadget Gallery.
 10665 | D:8      | Noticed Erica
 10702 | D:8      | Killed Erica
 10703 | D:8      | Reached skill level 14 in Maces & Flails
 10862 | D:8      | Identified the +1 leather armour "Rampo" {Harm rC+ Will+}
 10918 | D:8      | Found a sparkling altar of Nemelex Xobeh.
 11329 | D:8      | Noticed Jeremiah
 11427 | D:8      | Paralysed by a hornet for 1 turns
 11432 | D:7      | Succumbed to a hornet's poison

Illustrated notes

Levels and vault maps discovered:
D:1:      heliophobic_arrival_ceremonial_halls, layout_loops_ring
D:2:      layout_loops_cross, grunt_decor_resistance, hex_medium,
          minmay_misc_feat_plants, st_stairs_9, kennysheep_crisscross,
          uniq_jessica
D:3:      layout_basic, gammafunk_ghost_mausoleum, nicolae_shop_unique_rings
D:4:      layout_gridville, mainiacjoe_overflow_alcove_1, uniq_menkaure
D:5:      layout_basic, mainiacjoe_overflow_chevrons, nicolae_specific_store,
          serial_library_hellmonk_narrow_alcove, uniq_blork_the_orc, uniq_ijyb,
          uniq_grinder
D:6:      layout_loops_corners, nicolae_overflow_crystal_walls,
          lemuel_tele_altar, minmay_temple_entry_large_hall,
          portal_sewer_entry_a
D:7:      layout_loops_ring, amethyst_overflow_temple_binary,
          nicolae_shop_gadgets, uniq_maggie
D:8:      nzn_winding_woodlands_small [nzn_winding_woodlands_5x15_sidewinder,
          nzn_winding_woodlands_center_garden,
          nzn_winding_woodlands_5x15_parted], layout_basic,
          nemelex_spade_bored_becter, lair_entry_dummy, serial_corexii_hall,
          corexii_hall_statues_l, corexii_hall_statues_x,
          corexii_hall_statues_deadend, corexii_hall_statues_l,
          corexii_hall_statues_i, corexii_hall_statues_t, uniq_erica,
          uniq_jeremiah

Skill      XL: |  1  2  3  4  5  6  7  8  9 10 |
---------------+-------------------------------+-----
Fire Magic     | 3 |  3.0
Spellcasting   | 2 3 |  3.0
Maces & Flails | 4 5 7 8 11 13 14 | 14.8
Translocations | 1 3 |  3.0
Fighting       | |  4.0

Action                     |  1- 3 |  4- 6 |  7- 9 | 10-12 || total
---------------------------+-------+-------+-------+-------++-------
  Melee: Mace              |    59 |    38 |    61 |       ||   158
         Headbutt          |     4 |     5 |    12 |    12 ||    33
         Punch             |       |     1 |     1 |     4 ||     6
         Flail             |       |       |    55 |    84 ||   139
   Cast: Scorch            |     5 |    53 |   155 |    52 ||   265
         Volatile Blastmot |       |       |    13 |     7 ||    20
 Invoke: Fiery Armour      |       |     1 |     1 |     1 ||     3
  Evoke: Wand              |       |       |       |     1 ||     1
    Use: Scroll            |       |     2 |     4 |     3 ||     9
         Potion            |       |       |     1 |       ||     1
   Stab: Paralysed         |       |       |       |     6 ||     6
 Armour: Robe              |    44 |    40 |   205 |    11 ||   300
         Steam dragon scal |       |       |       |    88 ||    88
  Dodge: Dodged            |    35 |    24 |   119 |    48 ||   226

Table legend: (Time is in decaauts)
 A = Elapsed time spent in this place.
 B = Non-inter-level travel time spent in this place.
 C = Inter-level travel time spent in this place.
 D = Time resting spent in this place.
 E = Time spent auto-exploring this place.
 F = Levels seen in this place.
 G = Mean time per level.
                   A        B        C        D        E       F      G
               +--------+--------+--------+--------+--------+-----+--------+
         Total |  11456 |  11084 |    372 |   2440 |   6750 |   9 | 1272.9 |
       Dungeon |  10519 |  10147 |    372 |   2347 |   6077 |   8 | 1314.9 |
         Sewer |    936 |    936 |      0 |     93 |    673 |   1 |  936.0 |
               +--------+--------+--------+--------+--------+-----+--------+

Top non-repeatable levels by time:
     D:6: 2022 daAuts
     D:7: 1767 daAuts
     D:5: 1549 daAuts
     D:4: 1430 daAuts
     D:3: 1336 daAuts
     D:2: 1067 daAuts
   Sewer: 936 daAuts
     D:1: 831 daAuts
     D:8: 515 daAuts
